 Dungeon Crawl Stone Soup version 0.28-a0-631-g0446da8ef9 (webtiles) character file.

Game seed: 12182239539678332379

46027 AttackTheMoon the Covert (level 14, 0/135 HPs)
             Began as a Kobold Delver on Oct 9, 2021.
             Was a High Priest of Kikubaaqudgha.
             Constricted to death by an anaconda (1 damage)
             ... on level 1 of the Snake Pit.
             The game lasted 00:45:43 (29667 turns).

AttackTheMoon the Covert (Kobold Delver)           Turns: 29667, Time: 00:45:44

Health: 0/135      AC: 13    Str: 16    XL:     14   Next: 74%
Magic:  23/27      EV: 20    Int: 21    God:    Kikubaaqudgha [*****.]
Gold:   2266       SH:  0    Dex: 21    Spells: 14/32 levels left

rFire   + . .      SeeInvis +   h - +4 short sword of Vuyxkoga {pain, rElec Int+6 Dex-2}
rCold   . . .      Faith    .   (shield restricted)
rNeg    . . .      Spirit   .   q - +2 leather armour "Tenoack" {rPois rF+}
rPois   +          Reflect  .   J - +2 hat {SInv}
rElec   +          Harm     .   e - +2 cloak
rCorr   .          Rampage  .   (no gloves)
Will    +....                   l - +2 pair of boots {Stlth+}
Stlth   ..........              (no amulet)
HPRegen 0.32/turn               m - +6 ring of dexterity
MPRegen 0.20/turn               s - +6 ring of strength

@: berserking, constricted, studying Summonings, very quick
A: small, no large weapons, nightstalker 3
a: Renounce Religion, Receive Corpses, Torment


You were on level 1 of the Snake Pit.
You worshipped Kikubaaqudgha.
Kikubaaqudgha was extremely pleased with you.
You visited 6 branches of the dungeon, and saw 19 of its levels.
You also visited: Ossuary.

You collected 2939 gold pieces.
You spent 673 gold pieces at shops.

Inventory:

Hand Weapons
 a - a +1 short sword of freezing
 h - the +4 short sword of Vuyxkoga (weapon) {pain, rElec Int+6 Dex-2}
   (You found it on level 5 of the Dungeon)

   In the hands of one skilled in necromantic magic, it inflicts extra damage on
   living creatures.
   Int:       It affects your intelligence (+6).
   Dex:       It affects your dexterity (-2).
   rElec:     It insulates you from electricity.
 E - the +7 Singing Sword {vorpal, sonic wave}
   (You found it on level 9 of the Dungeon)

   It inflicts extra damage upon your enemies.
   It radiates damaging sonic waves as it strikes, especially in combat
   involving dangerous or numerous foes.
Armour
 e - a +2 cloak (worn)
 l - a +2 pair of boots of stealth (worn)
 q - the +2 leather armour "Tenoack" (worn) {rPois rF+}
   (You bought it in a shop on level 2 of the Dungeon)

   rF:        It protects you from fire.
   rPois:     It protects you from poison.
 B - +0 acid dragon scales
 J - a +2 hat of see invisible (worn)
 M - +0 gold dragon scales
Jewellery
 m - a +6 ring of dexterity (left hand)
 o - a +6 ring of strength
 s - a +6 ring of strength (right hand)
 w - a ring of see invisible
Wands
 g - a wand of digging (2)
 t - a wand of flame (16)
 O - a wand of iceblast (4)
Scrolls
 b - a scroll of teleportation
 c - 8 scrolls of fog
 d - 2 scrolls of magic mapping
 D - 4 scrolls of enchant armour
 F - 2 scrolls of enchant weapon
Potions
 f - a potion of berserk rage
 i - 7 potions of curing
 j - 3 potions of flight
 r - 6 potions of attraction
 x - a potion of cancellation
 z - a potion of brilliance
 A - 4 potions of invisibility
 C - a potion of ambrosia
 I - 2 potions of magic {unknown}


   Skills:
 + Level 11.4 Fighting
 + Level 12.9 Short Blades
 + Level 11.9 Dodging
 - Level 13.7 Stealth
 + Level 9.9 Spellcasting
 + Level 11.7 Summonings
 + Level 9.9 Necromancy


You had 14 spell levels left.
You knew the following spells:

 Your Spells              Type           Power      Damage    Failure   Level
a - Call Imp              Summ           56%        N/A       1%          2
b - Sublimation of Blood  Necr           25%        N/A       1%          2
c - Vampiric Draining     Necr           25%        2d9       1%          3
d - Summon Cactus Giant   Summ           28%        N/A       10%         6
e - Summon Forest         Summ/Tloc      17%        N/A       21%         5

Your spell library contained the following spells:

 Spells                   Type           Power      Damage    Failure   Level
 Pain                     Necr           100%       1d9       1%          1
 Corpse Rot               Necr/Air       N/A        N/A       1%          2
 Dispel Undead            Necr           51%        3d19      1%          4
 Excruciating Wounds      Necr           25%        N/A       3%          5
 Magic Dart               Conj           40%        1d5       9%          1
 Ensorcelled Hibernation  Hex/Ice        20%        N/A       12%         2
 Summon Mana Viper        Hex/Summ       35%        N/A       21%         5
 Death Channel            Necr           25%        N/A       21%         6
 Mephitic Cloud           Conj/Pois/Air  10%        N/A       24%         3
 Tukima's Dance           Hex            10%        N/A       24%         3
 Borgnjor's Vile Clutch   Necr/Erth      15%        N/A       28%         5
 Petrify                  Tmut/Erth      10%        N/A       63%         4
 Simulacrum               Ice/Necr       15%        N/A       85%         6
 Metabolic Englaciation   Hex/Ice        5%         N/A       92%         5
 Statue Form              Tmut/Erth      6%         N/A       100%        6


Dungeon Overview and Level Annotations

Branches:
Dungeon (9/15)             Temple (1/1) D:7            Lair (5/6) D:9
  Swamp (1/4) Lair:4        Snake (1/4) Lair:3        Slime (0/5) Lair:5
    Orc (2/2) D:9             Elf (0/3) Orc:2       Ossuary (visited)

Altars:
Ashenzari
Cheibriados
Dithmenos
Elyvilon
Fedhas
Gozag
Hepliaklqana
Kikubaaqudgha
Makhleb
Nemelex Xobeh
Okawaru
Qazlal
Ru
Sif Muna
Trog
Uskayaw
Vehumet
Wu Jian
Xom
Yredelemnul
Zin
The Shining One
Beogh

Shops:
D:2 [   Orc:2 [:[

Annotations:
Lair:1 2 transporters, zxkuqyb's ghost, journeyman GrBe
Lair:3 3 runed translucent doors, Jazxac's ghost, journeyman MiMo


Innate Abilities, Weirdness & Mutations

You are small and have problems with some larger weapons.
You are completely attuned to the shadows.


Message History

You closely miss the anaconda.
The anaconda is heavily wounded.
The anaconda bites you but does no damage.
The anaconda constricts you.
Your cactus giant closely misses the anaconda.
You barely miss the anaconda.
The anaconda is heavily wounded.
The anaconda bites you! The anaconda constricts you.
You barely miss the anaconda.
The anaconda is heavily wounded.
The anaconda bites you! The anaconda constricts you.
You hit the anaconda.
The anaconda writhes in agony.
The anaconda is severely wounded.
The anaconda bites you!
* * * LOW HITPOINT WARNING * * *
The anaconda constricts you.
* * * LOW HITPOINT WARNING * * *
You hit the anaconda.
The anaconda writhes in agony.
The anaconda is severely wounded.
The anaconda closely misses you. The anaconda constricts you.
* * * LOW HITPOINT WARNING * * *
You escape the anaconda's grasp.
The anaconda closely misses you. The anaconda barely misses you.
The anaconda barely misses you. The anaconda misses you.
The anaconda closely misses you. x2
You closely miss the anaconda.
The anaconda is severely wounded.
The anaconda grabs you. The anaconda bites you!
* * * LOW HITPOINT WARNING * * *
The anaconda constricts you.
A red film seems to cover your vision as you go berserk!
You feel yourself moving faster!
You feel mighty! The anaconda bites you!
* * * LOW HITPOINT WARNING * * *
The anaconda constricts you.
Your cactus giant closely misses the anaconda.
The anaconda bites you.
* * * LOW HITPOINT WARNING * * *
The anaconda constricts you.
You die...
Kikubaaqudgha rasps: "You have failed me!
Welcome... death!"

###### ## ##
#.##.##.##.
###.####.#...†...
....<###.........
......@SC....$...
.........).......
.................
....#............
..###.........
......>.


You could see an anaconda (ally target) and a friendly cactus giant (summoned).

Vanquished Creatures
  Gastronok (Lair:1)
  Erolcha (D:9)
  A naga warrior (Snake:1)
  6 hydras
  4 two-headed ogres
  A shock serpent (Snake:1)
  A lindwurm (Lair:4)
  2 orc knights
  A faun (Lair:5)
  A mana viper (Snake:1)
  A cyclops (Orc:2)
  2 orc sorcerers (Orc:1)
  A guardian serpent (Lair:3)
  5 elephants (Lair:5)
  4 torpor snails (Lair:1)
  Joseph (D:7)
  6 rime drakes
  6 komodo dragons
  2 polar bears (Lair:4)
  4 trolls
  14 blink frogs
  6 wyverns
  26 yaks
  10 basilisks
  2 wargs
  Menkaure (D:4)
  Edmund (D:5)
  An acid dragon (D:9)
  11 water moccasins
  27 orc warriors
  2 ice beasts
  3 black bears
  A sky beast (D:7)
  4 necrophages
  12 ogres
  2 centaurs (D:9)
  33 wolves
  3 nameless horrors
  10 scorpions
  5 bullfrogs
  A gnoll sergeant (D:6)
  A water moccasin zombie (D:6)
  A wyvern skeleton (D:7)
  7 killer bees
  8 wights
  An electric eel (D:9)
  4 centaur zombies
  6 hounds
  3 jellies
  3 bullfrog skeletons
  A gnoll shaman (D:6)
  12 orc priests
  A centaur skeleton (D:6)
  3 iguanas
  30 orc wizards
  6 hell rats
  A killer bee zombie (D:7)
  2 ogre zombies (Ossuary)
  A hound zombie (D:5)
  6 mummies
  10 adders
  11 gnolls
  A shadow imp (D:5)
  An ufetubus (D:6)
  5 adder zombies (Ossuary)
  2 worms
  3 dart slugs
  70 orcs
  16 ball pythons
  5 bats
  5 endoplasms
  5 giant cockroaches
  7 goblins
  8 hobgoblins
  2 quokkas
  4 frilled lizards
  3 goblin zombies (Ossuary)
  4 hobgoblin zombies (Ossuary)
  5 kobolds
  4 kobold zombies (Ossuary)
  2 quokka zombies (Ossuary)
  A rat (D:2)
  6 rat zombies (Ossuary)
503 creatures vanquished.

Vanquished Creatures (collateral kills)
  An orc warlord (Orc:1)
  2 orc high priests (Orc:2)
  An orc sorcerer (Orc:2)
  A manticore (Lair:4)
  A komodo dragon (D:9)
  2 wyverns (Lair:4)
  8 orc warriors
  A bullfrog (D:9)
  4 killer bees
  An orc priest (Orc:2)
  2 orc wizards
  A howler monkey zombie (D:9)
  16 orcs
41 creatures vanquished.

Vanquished Creatures (others)
  A rime drake (Lair:4)
  A hell hound (Lair:4)
  52 fungi
  62 plants
  A snaplasher vine (Orc:1)
  4 toadstools (D:1)
121 creatures vanquished.

Grand Total: 665 creatures vanquished

Notes
Turn   | Place    | Note
-------+----------+-------------------------------------------
     0 | D:5      | AttackTheMoon the Kobold Delver began the quest for the
                  | Orb.
     0 | D:5      | Reached XP level 1. HP: 14/14 MP: 1/1
    34 | D:5      | Noticed a water moccasin
    35 | D:5      | Identified the +4 short sword of Vuyxkoga {pain, rElec
                  | Int+6 Dex-2}
   473 | D:6      | Noticed an ogre
   478 | D:6      | Killed an ogre
   479 | D:6      | Reached skill level 7 in Stealth
   479 | D:6      | Reached skill level 1 in Spellcasting
   479 | D:6      | Reached skill level 1 in Necromancy
   479 | D:6      | Reached XP level 2. HP: 19/20 MP: 1/3
   479 | D:6      | Reached XP level 3. HP: 23/24 MP: 1/4
   479 | D:6      | Reached XP level 4. HP: 28/29 MP: 1/5
   546 | D:6      | Reached XP level 5. HP: 3/33 MP: 5/7
   827 | D:6      | Noticed a water moccasin
   832 | D:6      | Killed a water moccasin
   833 | D:6      | Reached XP level 6. HP: 38/38 MP: 8/8
   872 | D:5      | Noticed an ogre
  1066 | D:5      | Noticed Edmund
  1077 | D:5      | Killed Edmund
  1078 | D:5      | Reached XP level 7. HP: 17/44 MP: 10/10
  1316 | D:5      | Reached skill level 8 in Stealth
  1477 | D:5      | Killed a water moccasin
  1478 | D:5      | Reached skill level 5 in Short Blades
  1734 | D:5      | Reached skill level 5 in Fighting
  1734 | D:5      | Reached XP level 8. HP: 35/49 MP: 12/12
  2045 | D:4      | Reached skill level 5 in Dodging
  2226 | D:4      | Noticed Menkaure
  2243 | D:4      | Killed Menkaure
  3935 | D:2      | Reached XP level 9. HP: 55/55 MP: 14/14
  3947 | D:2      | Found Met Too's Antique Armour Boutique.
  3987 | D:2      | Reached skill level 9 in Stealth
  5147 | D:1      | Found a faded altar of an unknown god.
  5750 | D:1      | Identified a scroll of acquirement
  5789 | D:2      | Bought a jewelled leather armour for 112 gold pieces
  5789 | D:2      | Identified the +1 leather armour of Protective Custody
                  | {rF+} (You bought it in a shop on level 2 of the Dungeon)
  5789 | D:2      | Bought a shimmering leather armour for 112 gold pieces
  5789 | D:2      | Identified the +2 leather armour "Tenoack" {rPois rF+} (You
                  | bought it in a shop on level 2 of the Dungeon)
  7285 | D:6      | Noticed a troll
  7288 | D:6      | Killed a troll
  7473 | D:6      | Noticed a troll
  7884 | D:6      | Reached skill level 5 in Necromancy
  8020 | D:6      | Killed a troll
  8021 | D:6      | Reached skill level 10 in Stealth
  8021 | D:6      | Reached skill level 5 in Spellcasting
  8269 | D:7      | Reached XP level 10. HP: 61/61 MP: 17/17
  8278 | D:7      | Found a sand-covered staircase.
  8291 | Ossuary  | Entered an ossuary
  8707 | Ossuary  | Acquired a manual of Summonings
  8709 | Ossuary  | Acquired 1180 gold pieces
  8727 | D:7      | Noticed Joseph
  8745 | D:7      | Killed Joseph
  8746 | D:7      | Reached skill level 1 in Summonings
 10645 | D:8      | Found a snail-covered altar of Cheibriados.
 11128 | D:7      | Found a staircase to the Ecumenical Temple.
 11132 | Temple   | Entered the Ecumenical Temple
 11443 | Temple   | Became a worshipper of Kikubaaqudgha
 11490 | D:8      | Noticed a two-headed ogre
 12189 | D:8      | Learned a level 2 spell: Call Imp
 13308 | D:8      | Killed a two-headed ogre
 13309 | D:8      | Reached skill level 11 in Stealth
 13309 | D:8      | Reached XP level 11. HP: 42/67 MP: 18/20
 13985 | D:9      | Reached * piety under Kikubaaqudgha
 13985 | D:9      | Received a gift from Kikubaaqudgha
 13989 | D:9      | Learned a level 2 spell: Sublimation of Blood
 13993 | D:9      | Learned a level 3 spell: Vampiric Draining
 14032 | D:9      | Noticed Erolcha
 14067 | D:9      | Killed Erolcha
 14068 | D:9      | Reached skill level 5 in Summonings
 14289 | D:9      | Found a staircase to the Orcish Mines.
 14995 | D:9      | Noticed a two-headed ogre
 14999 | D:9      | Killed a two-headed ogre
 15021 | D:9      | Found a staircase to the Lair.
 15152 | D:9      | Found the +7 Singing Sword {vorpal, sonic wave}
 15316 | Lair:1   | Entered Level 1 of the Lair of Beasts
 15369 | Lair:1   | Reached skill level 12 in Stealth
 15532 | Lair:1   | Noticed Gastronok
 15550 | Lair:1   | Killed Gastronok
 15678 | Lair:1   | Reached XP level 12. HP: 75/75 MP: 22/22
 16316 | Lair:1   | Reached ** piety under Kikubaaqudgha
 16330 | Lair:1   | Reached skill level 10 in Short Blades
 16491 | Lair:1   | Found a snail-covered altar of Cheibriados.
 16545 | Lair:1   | Found a transporter.
 16546 | Lair:1   | Found a transporter.
 16547 | Lair:1   | Noticed zxkuqyb's ghost (journeyman GrBe)
 16748 | Lair:2   | Noticed an eight-headed hydra
 16752 | Lair:2   | Killed an eight-headed hydra
 17631 | Lair:3   | Found a staircase to the Snake Pit.
 17823 | Lair:3   | Noticed a six-headed hydra
 17842 | Lair:3   | Killed a six-headed hydra
 18405 | Lair:3   | Noticed a five-headed hydra
 18409 | Lair:3   | Killed a five-headed hydra
 18424 | Lair:3   | Found a runed translucent gate.
 18425 | Lair:3   | Found a runed translucent gate.
 18425 | Lair:3   | Noticed Jazxac's ghost (journeyman MiMo)
 18426 | Lair:3   | Found a runed translucent gate.
 18426 | Lair:3   | Noticed a 13-headed hydra
 18524 | Lair:3   | Reached skill level 13 in Stealth
 18906 | Lair:3   | Reached skill level 10 in Dodging
 18906 | Lair:3   | Reached XP level 13. HP: 42/80 MP: 19/25
 19675 | Lair:4   | Found a staircase to the Swamp.
 19999 | Lair:4   | Noticed a six-headed hydra
 20013 | Lair:4   | Reached skill level 10 in Fighting
 20026 | Lair:4   | Killed a six-headed hydra
 20747 | Lair:4   | Reached *** piety under Kikubaaqudgha
 20747 | Lair:4   | Received a gift from Kikubaaqudgha
 21676 | Swamp:1  | Entered Level 1 of the Swamp
 21923 | Lair:5   | Noticed a six-headed hydra
 21927 | Lair:5   | Killed a six-headed hydra
 21949 | Lair:5   | Reached skill level 10 in Summonings
 21998 | Lair:5   | Learned a level 6 spell: Summon Cactus Giant
 22601 | Lair:5   | Found a staircase to the Slime Pits.
 22652 | Lair:5   | Reached **** piety under Kikubaaqudgha
 22727 | Lair:5   | Reached XP level 14. HP: 88/88 MP: 27/27
 23564 | Orc:1    | Entered Level 1 of the Orcish Mines
 24254 | Orc:2    | Entered Level 2 of the Orcish Mines
 24566 | Orc:2    | Found a shimmering blue altar of Sif Muna.
 24641 | Orc:2    | Found a staircase to the Elven Halls.
 25085 | Orc:2    | Found Qistorar's Book Shoppe.
 25557 | Orc:2    | Reached ***** piety under Kikubaaqudgha
 25670 | Orc:2    | Noticed an orc warlord
 27659 | Orc:2    | Found Uryczyhy's Armour Shop.
 27665 | Orc:2    | Bought a +2 pair of boots of stealth for 301 gold pieces
 28442 | Orc:1    | Learned a level 5 spell: Summon Forest
 28467 | Orc:1    | Killed an orc warlord
 28797 | Orc:2    | Found Aplik's Antique Armour Shoppe.
 28797 | Orc:2    | Found Myiz's Antique Weapon Emporium.
 28806 | Orc:2    | Bought an ancient robe for 148 gold pieces
 28806 | Orc:2    | Identified the +1 robe of Insurance {+Blink Int-5 SInv}
                  | (You bought it in a shop on level 2 of the Orcish Mines)
 29628 | Snake:1  | Entered Level 1 of the Snake Pit
 29667 | Snake:1  | HP: 5/135 [anaconda (12)]
 29667 | Snake:1  | HP: 1/135 [anaconda (4)]
 29667 | Snake:1  | Constricted to death by an anaconda

Illustrated notes

Levels and vault maps discovered:
D:1:      ldierk_water_garden, layout_basic,
          shapermc_ecumenical_altar_acropolis, dk_noncrumbling_2
D:2:      layout_loops_ring, serial_shops, nicolae_shop_overgrown_old_shop,
          minmay_tromino_v2
D:3:      layout_basic, minmay_shallow_snake_nest
D:4:      layout_loops_ring, hangedman_abyss_or_decor_jellyfish_corner,
          uniq_menkaure
D:5:      layout_basic, hangedman_decor_peaks_small, uniq_prince_ribbit1,
          uniq_edmund
D:6:      layout_basic, minmay_small_thing
D:7:      layout_basic, minmay_temple_entry_from_below_a,
          gup_ossuary_entry_pyramid, uniq_joseph
D:8:      layout_cave_pools, kennysheep_slug_shrine
D:9:      old_forge, layout_cave_pods, grunt_lair_entry_orc_guard_hut,
          david_orc_3, fungi_pond_lemuel, evilmike_butchery, uniq_erolcha
Temple:   nicolae_temple_the_god_donut
Lair:1:   layout_long_grid, gammafunk_ghost_hive, kennysheep_snail_temple,
          uniq_gastronok
Lair:2:   layout_chaotic_city, minivault_26, grunt_megastairs_4,
          serial_bayou_shore_b
Lair:3:   layout_regular_city, minmay_snake_entry_spellcaster,
          gammafunk_ghost_hydra_chop
Lair:4:   layout_misc_corridors, minmay_swamp_entry_reptiles, special_room
          [special_room_mythical_zoo]
Lair:5:   layout_misc_corridors, slime_dummy, grunt_forest_large_clearings
Swamp:1:  layout_basic_swamp, evilmike_swamp_ruin_house_4,
          infiniplex_staircase_pool_2, uniq_mlioglotl
Snake:1:  layout_cave_shapes, serial_bayou_shore_a, minmay_shop_star
Orc:1:    layout_diamond_mine, mines1_david
Orc:2:    grunt_orc_community_town_hall, layout_caves,
          grunt_orc_community_big_house_2, grunt_orc_community_big_house_2,
          grunt_orc_community_house_1, grunt_orc_community_house_1,
          grunt_orc_community_house_1, grunt_orc_community_house_2,
          grunt_orc_community_house_1, basic_altar, led_sif_book

Skill      XL: |  1  2  3  4  5  6  7  8  9 10 11 12 13 14 |
---------------+-------------------------------------------+-----
Short Blades   | 3 4 5 6 7 8 9 10 12 | 12.9
Dodging        | 3 4 5 6 7 8 10 11 | 11.9
Stealth        | 7 8 10 11 12 13 | 13.7
Spellcasting   | 1 2 3 5 6 7 8 9 |  9.9
Necromancy     | 1 2 3 4 5 6 7 8 9 |  9.9
Fighting       | 4 5 6 7 8 9 10 11 | 11.4
Summonings     | 4 6 8 10 11 | 11.7

Action                   |  1- 3 |  4- 6 |  7- 9 | 10-12 | 13-15 || total
-------------------------+-------+-------+-------+-------+-------++-------
Melee: Short sword       |     8 |    33 |   302 |   715 |   864 ||  1922
Throw: Throwing net      |       |       |       |     1 |       ||     1
 Cast: Call Imp          |       |       |       |     8 |     3 ||    11
       Vampiric Draining |       |       |       |    48 |    58 ||   106
       Sublimation of Bl |       |       |       |     1 |       ||     1
       Summon Cactus Gia |       |       |       |       |    21 ||    21
       Summon Forest     |       |       |       |       |     1 ||     1
Evoke: Wand              |       |       |       |     1 |    30 ||    31
  Use: Potion            |     1 |       |       |     8 |     9 ||    18
       Scroll            |       |       |     9 |    13 |    11 ||    33
 Stab: Sleeping          |     1 |     3 |    42 |    52 |    31 ||   129
       Distracted        |       |       |     4 |     9 |    11 ||    24
       Held in net/web   |       |       |       |     1 |       ||     1
Armor: Leather armour    |       |       |    45 |   111 |   143 ||   299
       Skin              |       |       |       |       |    24 ||    24
Dodge: Dodged            |     4 |    18 |   208 |   602 |   896 ||  1728

Table legend: (Time is in decaauts)
 A = Elapsed time spent in this place.
 B = Non-inter-level travel time spent in this place.
 C = Inter-level travel time spent in this place.
 D = Time resting spent in this place.
 E = Time spent auto-exploring this place.
 F = Levels seen in this place.
 G = Mean time per level.
                   A        B        C        D        E       F      G
               +--------+--------+--------+--------+--------+-----+--------+
         Total |  28997 |  27636 |   1361 |   8919 |  14375 |  20 | 1449.8 |
       Dungeon |  14802 |  13943 |    859 |   5058 |   6853 |   9 | 1644.7 |
        Temple |    317 |    284 |     33 |      0 |    265 |   1 |  317.0 |
          Lair |   8023 |   7825 |    198 |   1492 |   5232 |   5 | 1604.6 |
         Swamp |      1 |      1 |      0 |      0 |      0 |   1 |    1.0 |
     Snake Pit |     31 |     31 |      0 |      0 |      8 |   1 |   31.0 |
  Orcish Mines |   5412 |   5142 |    270 |   2334 |   1827 |   2 | 2706.0 |
       Ossuary |    408 |    408 |      0 |     34 |    190 |   1 |  408.0 |
               +--------+--------+--------+--------+--------+-----+--------+

Top non-repeatable levels by time:
   Orc:1: 2813 daAuts
   Orc:2: 2599 daAuts
  Lair:3: 2535 daAuts
     D:6: 2527 daAuts
     D:7: 2331 daAuts
     D:9: 2312 daAuts
     D:5: 1909 daAuts
  Lair:4: 1766 daAuts
     D:4: 1618 daAuts
  Lair:1: 1367 daAuts
  Lair:5: 1272 daAuts
     D:8: 1238 daAuts
     D:1: 1195 daAuts
  Lair:2: 1082 daAuts
     D:2: 909 daAuts
